MINNESOTA vs SAN JOSE

Created - March-15-21 at 13:52

Goals
1 2 3 T
MINNESOTA 2 0 2 4
SAN JOSE 1 1 1 3
Shots
1 2 3 T
MINNESOTA 12 11 13 36
SAN JOSE 13 4 8 25

1st period

1. MINNESOTA , Dominik Kahun 9 (Mats Zuccarello 10, Brett Kulak 8) at 3:53
2. SAN JOSE , Jakob Silfverberg 8 (Paul Stastny 15, Ryan Pulock 27) at 13:12 (PP)
3. MINNESOTA , Tanner Pearson 8 (John Tavares 14, Torey Krug 18) at 18:15

Penalties :
Nikita Kucherov (MIN) for Hooking (Minor) at 0:06, Tomas Hertl (MIN) for Hooking (Minor) at 12:50

2nd period

4. SAN JOSE , Chris Kreider 17 (Dustin Brown 12, Kevin Hayes 22) at 18:15 (PP)

Penalties :
Jakob Silfverberg (SJ ) for Interference (Minor) at 2:36, Niklas Hjalmarsson (MIN) for High sticking (Minor) at 12:13, Brett Kulak (MIN) for Slashing (Minor) at 12:39, Oliver Ekman-Larsson (MIN) for Cross-checking (Minor) at 18:07

3rd period

5. MINNESOTA , Nikita Kucherov 20 (Erik Karlsson 20, Tomas Hertl 20) at 8:37
6. SAN JOSE , Paul Stastny 13 (Brandon Montour 14, Rickard Rakell 10) at 10:49
7. MINNESOTA , Niklas Hjalmarsson 3 (Johan Larsson 3) at 19:22

Penalties :
Cody Ceci (SJ ) for Holding (Minor) at 11:00, William Carrier (MIN) for Holding (Minor) at 11:00

Goalie Stats

Andrei Vasilevskiy (MIN), 22 saves from 25 shots - (0.880), W, 19-8-2, 60:00 minutes
Jake Allen (SJ ), 32 saves from 36 shots - (0.889), L, 19-17-1, 59:30 minutes

Players Stats for MINNESOTA

Player Name              G  A  P  +/- PIM S  H  SB GA TA FO     MP     PP MP  PK MP  
------------------------------------------------------------------------------------
Brett Kulak              0  1  1   2  2   0  1  1  0  0  0/0    14:27   0:00   1:16 
Colin White              0  0  0   0  0   0  1  0  0  0  5/9    11:09   0:00   0:00 
Dominik Kahun            1  0  1   0  0   1  0  0  0  0  0/0    11:09   0:00   0:00 
Erik Karlsson            0  1  1   0  0   2  1  1  0  0  0/0    22:18   0:53   2:30 
Johan Larsson            0  1  1   1  0   0  0  0  0  0  12/16   8:20   0:00   3:20 
John Tavares             0  1  1   1  0   2  0  0  0  0  13/20  18:38   1:06   0:00 
Kyle Connor              0  0  0   1  0   3  2  0  0  0  0/0    19:55   1:06   0:00 
Mark Giordano            0  0  0   0  0   0  2  1  0  0  0/0    26:08   0:53   3:12 
Mats Zuccarello          0  1  1   0  0   3  2  0  0  0  0/0    13:50   1:06   1:35 
Matt Calvert             0  0  0   1  0   1  1  0  0  0  1/1     8:29   0:00   2:52 
Nikita Kucherov          1  0  1   1  2   13 1  0  0  0  0/2    20:47   1:06   0:00 
Niklas Hjalmarsson       1  0  1   1  2   2  1  0  0  0  0/0    18:41   0:00   1:27 
Oliver Ekman-Larsson     0  0  0   1  2   1  1  0  0  0  0/0    18:33   0:00   0:41 
Tanner Pearson           1  0  1   1  0   3  2  0  0  0  0/2    17:36   0:53   0:00 
Tomas Hertl              0  1  1   1  2   3  1  0  0  0  23/31  21:27   0:53   1:09 
Torey Krug               0  1  1   2  0   0  1  1  0  0  0/0    18:03   1:06   0:00 
William Carrier          0  0  0   1  2   0  1  0  0  0  1/1     4:59   0:00   0:00 
Zach Hyman               0  0  0   1  0   2  0  1  0  0  0/2    16:59   0:53   0:00 

Players Stats for SAN JOSE

Player Name              G  A  P  +/- PIM S  H  SB GA TA FO     MP     PP MP  PK MP  
------------------------------------------------------------------------------------
Brandon Montour          0  1  1  -1  0   1  1  3  0  0  0/0    20:49   2:14   1:01 
Braydon Coburn           0  0  0   0  0   1  1  1  0  0  0/0    15:11   0:00   0:00 
Brian Boyle              0  0  0   0  0   0  1  0  0  0  1/1    13:06   0:00   0:00 
Chris Kreider            1  0  1  -2  0   5  0  0  0  0  4/7    21:52   2:18   1:15 
Cody Ceci                0  0  0  -1  2   2  4  1  0  0  0/0    19:46   2:14   1:01 
Corey Perry              0  0  0  -1  0   0  0  0  0  0  0/2     6:26   0:00   0:00 
David Savard             0  0  0  -2  0   1  4  2  0  0  0/0    24:00   2:40   0:58 
Dustin Brown             0  1  1  -2  0   0  0  0  0  0  0/3    20:54   2:18   0:44 
Jakob Silfverberg        1  0  1   0  2   1  0  0  0  0  1/2    17:51   2:36   0:00 
Jesper Fast              0  0  0   0  0   0  1  1  0  0  1/1    13:50   0:00   0:44 
Jon Merrill              0  0  0   0  0   0  1  1  0  0  0/0    16:13   0:00   0:00 
Jordan Weal              0  0  0   0  0   0  0  0  0  0  0/0     0:00   0:00   0:00 
Kevin Hayes              0  1  1  -2  0   5  1  0  0  0  10/26  21:52   2:18   1:15 
Lucas Wallmark           0  0  0  -1  0   1  1  1  0  0  1/4     6:26   0:00   0:00 
Paul Stastny             1  1  2   0  0   3  1  0  0  0  8/23   17:06   2:36   0:00 
Rickard Rakell           0  1  1   0  0   3  1  0  0  0  0/1    17:06   2:36   0:00 
Ryan Carpenter           0  0  0  -1  0   0  0  0  0  0  1/2     6:26   0:00   0:00 
Ryan Dzingel             0  0  0   0  0   2  1  0  0  0  2/12   13:06   0:00   0:00 
Ryan Pulock              0  1  1  -2  0   0  0  2  0  0  0/0    24:00   2:40   0:58 
Stefan Noesen            0  0  0   0  0   0  0  0  0  0  0/0     0:00   0:00   0:00 

3 Stars

1 - Tanner Pearson (MIN)
2 - Paul Stastny (SJ )
3 - Torey Krug (MIN)

Power Play

MINNESOTA - 0 on 1 Attempt(s) - 0.00%
SAN JOSE - 2 on 5 Attempt(s) - 40.00%

Penalty Kill

MINNESOTA - 3 on 5 Attempt(s) - 60.00% - Score 0 goal in Penalty Kill
SAN JOSE - 1 on 1 Attempt(s) - 100.00% - Score 0 goal in Penalty Kill

Team Stat

MINNESOTA - Hits : 18 - Faceoff Wins : 55 - Blocked Shots : 5 - Penalty Minutes : 12
SAN JOSE - Hits : 18 - Faceoff Wins : 29 - Blocked Shots : 12 - Penalty Minutes : 4

Official

Referees : Francois St-Laurent and Terry Koharski
Linesman : Jim Harper and Brad Kovachik

Game Notes

No Game Note

Finance

Level 1 -- Attendance: 4259 (70.98%) -- Ticket Income $425,900
Level 2 -- Attendance: 3566 (71.32%) -- Ticket Income $213,960
Level 3 -- Attendance: 1845 (92.25%) -- Ticket Income $64,575
Level 4 -- Attendance: 4000 (100.00%) -- Ticket Income $80,000
Luxury Box -- Attendance: 691 (69.10%) -- Ticket Income $138,200
Game was played at the SAP Center.
Total Attendance: 14361 (79.78%)
Total Ticket Income: $922,635
Total Income: $922,635

MINNESOTA

5 vs 5 Forward 
   Center                   Left Wing                Right Wing               Time % Phy DF OF 
 1 Tomas Hertl              Kyle Connor              Nikita Kucherov          37     0   2  3  
 2 John Tavares             Tanner Pearson           Zach Hyman               33     1   2  2  
 3 Colin White              Dominik Kahun            Mats Zuccarello          20     1   3  1  
 4 Johan Larsson            William Carrier          Matt Calvert             10     2   2  1  

5 vs 5 Defense 
   Defense                  Defense                                           Time % Phy DF OF 
 1 Mark Giordano            Erik Karlsson                                     35     1   2  2  
 2 Oliver Ekman-Larsson     Niklas Hjalmarsson                                30     1   2  2  
 3 Brett Kulak              Torey Krug                                        25     1   2  2  
 4 Torey Krug               Mark Giordano                                     10     0   2  3  

PowerPlay Forward 
   Center                   Left Wing                Right Wing               Time % Phy DF OF 
 1 John Tavares             Mats Zuccarello          Kyle Connor              60     0   1  4  
 2 Tomas Hertl              Zach Hyman               Tanner Pearson           40     1   1  3  

PowerPlay Defense
   Defense                  Defense                                           Time % Phy DF OF 
 1 Torey Krug               Nikita Kucherov                                   60     0   1  4  
 2 Erik Karlsson            Mark Giordano                                     40     1   1  3  

Penalty Kill 4 Players Forward 
   Center                   Wing                     Time % Phy DF OF 
 1 Johan Larsson            Matt Calvert             60     1   3  1  
 2 Tomas Hertl              Mats Zuccarello          40     1   3  1  

Penalty Kill 4 Players Defense
   Defense                  Defense                  Time % Phy DF OF 
 1 Mark Giordano            Erik Karlsson            60     1   3  1  
 2 Niklas Hjalmarsson       Brett Kulak              40     1   4  0  

Penalty Kill - 3 Players Forward 
   Forward                                           Time % Phy DF OF 
 1 Johan Larsson                                     60     1   4  0  
 2 Matt Calvert                                      40     1   4  0  

Penalty Kill - 3 Players Defense
   Defense                  Defense                  Time % Phy DF OF 
 1 Mark Giordano            Niklas Hjalmarsson       60     1   4  0  
 2 Oliver Ekman-Larsson     Mats Zuccarello          40     1   4  0  

4 vs 4 Forward 
   Center                   Wing                     Time % Phy DF OF 
 1 John Tavares             Nikita Kucherov          60     1   2  2  
 2 Tomas Hertl              Kyle Connor              40     1   1  3  

4 vs 4 Defense
   Defense                  Defense                  Time % Phy DF OF 
 1 Mark Giordano            Torey Krug               60     1   2  2  
 2 Oliver Ekman-Larsson     Erik Karlsson            40     1   2  2  

Last Minutes Offensive
   Center                   Left Wing                Right Wing               Defense                  Defense                  
   Tomas Hertl              Kyle Connor              Nikita Kucherov          Torey Krug               Erik Karlsson            

Last Minutes Defensive
   Center                   Left Wing                Right Wing               Defense                  Defense                  
   Tomas Hertl              Tanner Pearson           Matt Calvert             Mark Giordano            Niklas Hjalmarsson       

Goaltenders
Starting : Andrei Vasilevskiy       
Backup : Gilles Senn              

Extra Forwards
Normal : Tomas Hertl, Zach Hyman, Nikita Kucherov - PP : Zach Hyman, Nikita Kucherov - PK : Tomas Hertl
Extra Defensemen
Normal : Oliver Ekman-Larsson, Erik Karlsson, Mark Giordano - PP : Torey Krug - PK : Niklas Hjalmarsson, Mark Giordano
Penalty Shots
Nikita Kucherov, Mats Zuccarello, Kyle Connor, Tomas Hertl, Tanner Pearson

Scratches
MIN Cap Hit (Healthy)

SAN JOSE

5 vs 5 Forward 
   Center                   Left Wing                Right Wing               Time % Phy DF OF 
 1 Kevin Hayes              Chris Kreider            Dustin Brown             35     1   2  2  
 2 Paul Stastny             Rickard Rakell           Jakob Silfverberg        30     1   2  2  
 3 Ryan Dzingel             Brian Boyle              Jesper Fast              25     1   2  2  
 4 Lucas Wallmark           Ryan Carpenter           Corey Perry              10     1   2  2  

5 vs 5 Defense 
   Defense                  Defense                                           Time % Phy DF OF 
 1 David Savard             Ryan Pulock                                       35     1   2  2  
 2 Cody Ceci                Brandon Montour                                   30     1   2  2  
 3 Jon Merrill              Braydon Coburn                                    25     1   2  2  
 4 David Savard             Ryan Pulock                                       10     1   2  2  

PowerPlay Forward 
   Center                   Left Wing                Right Wing               Time % Phy DF OF 
 1 Kevin Hayes              Chris Kreider            Dustin Brown             60     1   2  2  
 2 Paul Stastny             Rickard Rakell           Jakob Silfverberg        40     1   2  2  

PowerPlay Defense
   Defense                  Defense                                           Time % Phy DF OF 
 1 David Savard             Ryan Pulock                                       60     1   2  2  
 2 Cody Ceci                Brandon Montour                                   40     1   2  2  

Penalty Kill 4 Players Forward 
   Center                   Wing                     Time % Phy DF OF 
 1 Chris Kreider            Kevin Hayes              60     1   2  2  
 2 Dustin Brown             Jakob Silfverberg        40     1   2  2  

Penalty Kill 4 Players Defense
   Defense                  Defense                  Time % Phy DF OF 
 1 David Savard             Ryan Pulock              60     1   2  2  
 2 Cody Ceci                Brandon Montour          40     1   2  2  

Penalty Kill - 3 Players Forward 
   Forward                                           Time % Phy DF OF 
 1 Chris Kreider                                     60     1   2  2  
 2 Kevin Hayes                                       40     1   2  2  

Penalty Kill - 3 Players Defense
   Defense                  Defense                  Time % Phy DF OF 
 1 David Savard             Ryan Pulock              60     1   2  2  
 2 Cody Ceci                Brandon Montour          40     1   2  2  

4 vs 4 Forward 
   Center                   Wing                     Time % Phy DF OF 
 1 Chris Kreider            Kevin Hayes              60     1   2  2  
 2 Dustin Brown             Jakob Silfverberg        40     1   2  2  

4 vs 4 Defense
   Defense                  Defense                  Time % Phy DF OF 
 1 David Savard             Ryan Pulock              60     1   2  2  
 2 Cody Ceci                Brandon Montour          40     1   2  2  

Last Minutes Offensive
   Center                   Left Wing                Right Wing               Defense                  Defense                  
   Kevin Hayes              Chris Kreider            Dustin Brown             David Savard             Ryan Pulock              

Last Minutes Defensive
   Center                   Left Wing                Right Wing               Defense                  Defense                  
   Kevin Hayes              Chris Kreider            Dustin Brown             David Savard             Ryan Pulock              

Goaltenders
Starting : Jake Allen               
Backup : Edward Pasquale          

Extra Forwards
Normal : Stefan Noesen, Jordan Weal, Jesper Fast - PP : Stefan Noesen, Jordan Weal - PK : Jesper Fast
Extra Defensemen
Normal : Jon Merrill, Braydon Coburn, Cody Ceci - PP : Jon Merrill - PK : Braydon Coburn, Cody Ceci
Penalty Shots
Chris Kreider, Kevin Hayes, Dustin Brown, Jakob Silfverberg, Rickard Rakell

Scratches
SJ Cap Hit (Suspend), Danny DeKeyser (Healthy)

% Time on Ice - MINNESOTA

Lines # - Real PCT - Wanted PCT - Time Play
Normal Forward
1 - 36% - 37% - 18:16
2 - 32% - 33% - 16:06
3 - 22% - 20% - 11:09
4 - 10% - 10% - 5:00
Normal Defense
1 - 35% - 35% - 17:40
2 - 33% - 30% - 16:38
3 - 26% - 25% - 13:11
4 - 6% - 10% - 3:02
PP Forward
1 - 55% - 60% - 1:06
2 - 45% - 40% - 0:53
PP Defense
1 - 55% - 60% - 1:06
2 - 45% - 40% - 0:53
PK Forward
1 - 73% - 60% - 2:27
2 - 27% - 40% - 0:54
PK Defense
1 - 49% - 60% - 1:38
2 - 51% - 40% - 1:43
PK3 Forward
1 - 73% - 60% - 1:08
2 - 27% - 40% - 0:25
PK3 Defense
1 - 56% - 60% - 0:52
2 - 44% - 40% - 0:41
44 Forward
1 - 72% - 60% - 1:26
2 - 28% - 40% - 0:33
44 Defense
1 - 37% - 60% - 0:44
2 - 63% - 40% - 1:15
Last Minute Offensive  - 0:00
Last Minute Defensive  - 0:37
Total
Forward - 60:00
Defense - 60:00

% Time on Ice - SAN JOSE

Lines # - Real PCT - Wanted PCT - Time Play
Normal Forward
1 - 33% - 35% - 16:29
2 - 29% - 30% - 14:30
3 - 26% - 25% - 13:06
4 - 13% - 10% - 6:26
Normal Defense
1 - 32% - 35% - 16:02
2 - 33% - 30% - 16:32
3 - 30% - 25% - 15:11
4 - 5% - 10% - 2:46
PP Forward
1 - 47% - 60% - 2:18
2 - 53% - 40% - 2:36
PP Defense
1 - 54% - 60% - 2:40
2 - 46% - 40% - 2:14
PK Forward
1 - 63% - 60% - 1:15
2 - 37% - 40% - 0:44
PK Defense
1 - 49% - 60% - 0:58
2 - 51% - 40% - 1:01
PK3 Forward
1 - 0% - 60%
2 - 0% - 40%
PK3 Defense
1 - 0% - 60%
2 - 0% - 40%
44 Forward
1 - 61% - 60% - 1:13
2 - 39% - 40% - 0:46
44 Defense
1 - 48% - 60% - 0:57
2 - 52% - 40% - 1:02
Last Minute Offensive  - 0:37
Last Minute Defensive  - 0:00
Total
Forward - 60:00
Defense - 60:00

Play-by-Play

1st period


0:01 of 1st period - Tomas Hertl wins face-off versus Kevin Hayes in neutral zone.
0:06 of 1st period - Minor Penalty to Nikita Kucherov for Hooking.
0:07 of 1st period - Johan Larsson wins face-off versus Kevin Hayes in MINNESOTA zone.
0:25 of 1st period - Shot by Kevin Hayes.
0:25 of 1st period - Deflect By Dustin Brown.
0:25 of 1st period - Shot Misses the Net.
0:29 of 1st period - Shot by Chris Kreider.
0:29 of 1st period - Stopped by Andrei Vasilevskiy without a rebound.
0:30 of 1st period - Johan Larsson wins face-off versus Paul Stastny in MINNESOTA zone.
1:05 of 1st period - Shot by Jakob Silfverberg.
1:05 of 1st period - Shot Misses the Net.
1:07 of 1st period - Shot by Cody Ceci.
1:07 of 1st period - Shot Misses the Net.
1:21 of 1st period - Johan Larsson is hit by Paul Stastny and loses puck.
1:57 of 1st period - Icing by Chris Kreider.
1:58 of 1st period - Kevin Hayes wins face-off versus Tomas Hertl in SAN JOSE zone.
2:35 of 1st period - Shot by Oliver Ekman-Larsson.
2:35 of 1st period - Stopped by Jake Allen without a rebound.
2:36 of 1st period - Ryan Carpenter wins face-off versus Tomas Hertl in SAN JOSE zone.
3:34 of 1st period - Brandon Montour is hit by Mats Zuccarello and loses puck.
3:38 of 1st period - Brett Kulak is hit by Cody Ceci and loses puck.
3:42 of 1st period - Dominik Kahun is hit by Cody Ceci and loses puck.
3:53 of 1st period - Shot by Dominik Kahun.
3:53 of 1st period - Goal by Dominik Kahun - MINNESOTA : 1 - SAN JOSE : 0.
3:54 of 1st period - John Tavares wins face-off versus Paul Stastny in neutral zone.
4:41 of 1st period - Icing by Jon Merrill.
4:42 of 1st period - Colin White wins face-off versus Paul Stastny in SAN JOSE zone.
5:10 of 1st period - Shot by Brandon Montour.
5:10 of 1st period - Stopped by Andrei Vasilevskiy without a rebound.
5:11 of 1st period - Kevin Hayes wins face-off versus Nikita Kucherov in MINNESOTA zone.
5:23 of 1st period - Icing by Ryan Pulock.
5:24 of 1st period - Johan Larsson wins face-off versus Kevin Hayes in SAN JOSE zone.
5:25 of 1st period - Shot by Matt Calvert.
5:25 of 1st period - Deflect By Johan Larsson.
5:25 of 1st period - Shot Blocked by David Savard.
5:30 of 1st period - Chris Kreider is hit by Niklas Hjalmarsson and loses puck.
5:35 of 1st period - Shot by Kevin Hayes.
5:35 of 1st period - Stopped by Andrei Vasilevskiy with a rebound.
5:37 of 1st period - Shot by David Savard.
5:37 of 1st period - Shot Misses the Net.
5:39 of 1st period - Shot by Ryan Pulock.
5:39 of 1st period - Shot Misses the Net.
5:41 of 1st period - Shot by Ryan Pulock.
5:41 of 1st period - Shot Misses the Net.
5:43 of 1st period - Shot by David Savard.
5:43 of 1st period - Stopped by Andrei Vasilevskiy without a rebound.
5:44 of 1st period - Tomas Hertl wins face-off versus Ryan Dzingel in MINNESOTA zone.
6:03 of 1st period - Shot by Nikita Kucherov.
6:03 of 1st period - Stopped by Jake Allen without a rebound.
6:04 of 1st period - John Tavares wins face-off versus Dustin Brown in SAN JOSE zone.
6:31 of 1st period - Icing by Ryan Pulock.
6:32 of 1st period - Tomas Hertl wins face-off versus Kevin Hayes in SAN JOSE zone.
6:53 of 1st period - Shot by Nikita Kucherov.
6:53 of 1st period - Stopped by Jake Allen without a rebound.
6:54 of 1st period - Colin White wins face-off versus Ryan Dzingel in SAN JOSE zone.
8:02 of 1st period - Shot by Paul Stastny.
8:02 of 1st period - Shot Misses the Net.
9:59 of 1st period - Icing by Niklas Hjalmarsson.
10:00 of 1st period - Johan Larsson wins face-off versus Paul Stastny in MINNESOTA zone.
10:41 of 1st period - Shot by Nikita Kucherov.
10:41 of 1st period - Stopped by Jake Allen without a rebound.
10:42 of 1st period - Ryan Dzingel wins face-off versus Colin White in SAN JOSE zone.
10:58 of 1st period - Shot by Ryan Dzingel.
10:58 of 1st period - Stopped by Andrei Vasilevskiy without a rebound.
10:59 of 1st period - Kevin Hayes wins face-off versus John Tavares in MINNESOTA zone.
11:12 of 1st period - Shot by Kevin Hayes.
11:12 of 1st period - Stopped by Andrei Vasilevskiy without a rebound.
11:13 of 1st period - Tomas Hertl wins face-off versus Ryan Dzingel in MINNESOTA zone.
11:15 of 1st period - Icing by Mark Giordano.
11:16 of 1st period - Tomas Hertl wins face-off versus Ryan Dzingel in MINNESOTA zone.
11:27 of 1st period - Shot by Nikita Kucherov.
11:27 of 1st period - Deflect By Tomas Hertl.
11:27 of 1st period - Shot Blocked by Ryan Pulock.
11:35 of 1st period - Icing by David Savard.
11:36 of 1st period - John Tavares wins face-off versus Ryan Dzingel in SAN JOSE zone.
11:53 of 1st period - Shot by John Tavares.
11:53 of 1st period - Shot Misses the Net.
12:02 of 1st period - Icing by Tanner Pearson.
12:03 of 1st period - Chris Kreider wins face-off versus John Tavares in MINNESOTA zone.
12:41 of 1st period - Shot by Nikita Kucherov.
12:41 of 1st period - Stopped by Jake Allen with a rebound.
12:45 of 1st period - Shot by Nikita Kucherov.
12:45 of 1st period - Shot Blocked by Brandon Montour.
12:47 of 1st period - Shot by Erik Karlsson.
12:47 of 1st period - Stopped by Jake Allen with a rebound.
12:50 of 1st period - Minor Penalty to Tomas Hertl for Hooking.
12:51 of 1st period - Jakob Silfverberg wins face-off versus Johan Larsson in MINNESOTA zone.
13:00 of 1st period - Shot by Jakob Silfverberg.
13:00 of 1st period - Shot Misses the Net.
13:02 of 1st period - Shot by Ryan Pulock.
13:02 of 1st period - Shot Misses the Net.
13:04 of 1st period - Shot by Ryan Pulock.
13:04 of 1st period - Shot Misses the Net.
13:06 of 1st period - Shot by Jakob Silfverberg.
13:06 of 1st period - Shot Blocked by Erik Karlsson.
13:08 of 1st period - Shot by Jakob Silfverberg.
13:08 of 1st period - Deflect By Paul Stastny.
13:08 of 1st period - Stopped by Andrei Vasilevskiy with a rebound.
13:12 of 1st period - Shot by Jakob Silfverberg.
13:12 of 1st period - Goal by Jakob Silfverberg - MINNESOTA : 1 - SAN JOSE : 1.
13:13 of 1st period - Tomas Hertl wins face-off versus Ryan Dzingel in neutral zone.
13:49 of 1st period - Icing by Jon Merrill.
13:50 of 1st period - Brian Boyle wins face-off versus John Tavares in SAN JOSE zone.
14:40 of 1st period - Shot by Rickard Rakell.
14:40 of 1st period - Stopped by Andrei Vasilevskiy with a rebound.
14:42 of 1st period - Shot by Rickard Rakell.
14:42 of 1st period - Deflect By Paul Stastny.
14:42 of 1st period - Shot Hit the Post.
14:44 of 1st period - Shot by David Savard.
14:44 of 1st period - Shot Misses the Net.
14:46 of 1st period - Shot by David Savard.
14:46 of 1st period - Deflect By Rickard Rakell.
14:46 of 1st period - Stopped by Andrei Vasilevskiy without a rebound.
14:47 of 1st period - Tomas Hertl wins face-off versus Kevin Hayes in MINNESOTA zone.
15:04 of 1st period - Cody Ceci is hit by Kyle Connor and loses puck.
15:15 of 1st period - Shot by Kevin Hayes.
15:15 of 1st period - Deflect By Dustin Brown.
15:15 of 1st period - Shot Misses the Net.
15:17 of 1st period - Shot by Kevin Hayes.
15:17 of 1st period - Shot Misses the Net.
15:23 of 1st period - Shot by Kevin Hayes.
15:23 of 1st period - Shot Misses the Net.
15:49 of 1st period - Ryan Pulock is hit by Colin White and loses puck.
16:42 of 1st period - Icing by Braydon Coburn.
16:43 of 1st period - John Tavares wins face-off versus Lucas Wallmark in SAN JOSE zone.
16:49 of 1st period - Icing by Braydon Coburn.
16:50 of 1st period - Tomas Hertl wins face-off versus Corey Perry in SAN JOSE zone.
16:55 of 1st period - Shot by Nikita Kucherov.
16:55 of 1st period - Stopped by Jake Allen with a rebound.
16:57 of 1st period - Shot by Tomas Hertl.
16:57 of 1st period - Stopped by Jake Allen without a rebound.
16:58 of 1st period - Kevin Hayes wins face-off versus Tomas Hertl in SAN JOSE zone.
17:16 of 1st period - Shot by Kevin Hayes.
17:16 of 1st period - Stopped by Andrei Vasilevskiy with a rebound.
17:32 of 1st period - Shot by Chris Kreider.
17:32 of 1st period - Deflect By Kevin Hayes.
17:32 of 1st period - Shot Blocked by Mark Giordano.
17:34 of 1st period - Shot by Chris Kreider.
17:34 of 1st period - Stopped by Andrei Vasilevskiy without a rebound.
17:35 of 1st period - Paul Stastny wins face-off versus Tanner Pearson in MINNESOTA zone.
18:15 of 1st period - Shot by Tanner Pearson.
18:15 of 1st period - Goal by Tanner Pearson - MINNESOTA : 2 - SAN JOSE : 1.
18:16 of 1st period - Johan Larsson wins face-off versus Ryan Dzingel in neutral zone.
18:19 of 1st period - Cody Ceci is hit by Matt Calvert.
18:35 of 1st period - Shot by Matt Calvert.
18:35 of 1st period - Deflect By William Carrier.
18:35 of 1st period - Shot Blocked by Jesper Fast.
18:37 of 1st period - Shot by Erik Karlsson.
18:37 of 1st period - Stopped by Jake Allen without a rebound.
18:38 of 1st period - Tomas Hertl wins face-off versus Kevin Hayes in SAN JOSE zone.
18:47 of 1st period - Shot by Kyle Connor.
18:47 of 1st period - Stopped by Jake Allen with a rebound.
19:48 of 1st period - Shot by Paul Stastny.
19:48 of 1st period - Stopped by Andrei Vasilevskiy without a rebound.
19:49 of 1st period - Colin White wins face-off versus Ryan Dzingel in MINNESOTA zone.
19:49 of 1st period - Colin White is hit by Jesper Fast.
Goals for this period are 2 for MINNESOTA vs 1 for SAN JOSE.
Shots for this period are 12 for MINNESOTA vs 13 for SAN JOSE.

2nd period


0:01 of 2nd period - Paul Stastny wins face-off versus Tanner Pearson in neutral zone.
0:03 of 2nd period - Rickard Rakell is hit by Erik Karlsson and loses puck.
0:17 of 2nd period - John Tavares is hit by David Savard and loses puck.
0:23 of 2nd period - Tanner Pearson is hit by David Savard and loses puck.
2:08 of 2nd period - Shot by Chris Kreider.
2:08 of 2nd period - Stopped by Andrei Vasilevskiy without a rebound.
2:09 of 2nd period - Johan Larsson wins face-off versus Lucas Wallmark in MINNESOTA zone.
2:09 of 2nd period - Johan Larsson is hit by Lucas Wallmark.
2:31 of 2nd period - Shot by Matt Calvert.
2:31 of 2nd period - Stopped by Jake Allen without a rebound.
2:32 of 2nd period - John Tavares wins face-off versus Jakob Silfverberg in SAN JOSE zone.
2:33 of 2nd period - Shot by Brett Kulak.
2:33 of 2nd period - Shot Blocked by Cody Ceci.
2:36 of 2nd period - Minor Penalty to Jakob Silfverberg for Interference.
2:37 of 2nd period - Chris Kreider wins face-off versus John Tavares in SAN JOSE zone.
2:37 of 2nd period - Chris Kreider is hit by Mats Zuccarello.
3:30 of 2nd period - Icing by Tanner Pearson.
3:31 of 2nd period - Chris Kreider wins face-off versus Tomas Hertl in MINNESOTA zone.
4:10 of 2nd period - Shot by Zach Hyman.
4:10 of 2nd period - Shot Misses the Net.
4:30 of 2nd period - Shot by Kyle Connor.
4:30 of 2nd period - Shot Misses the Net.
4:38 of 2nd period - Shot by Mats Zuccarello.
4:38 of 2nd period - Stopped by Jake Allen with a rebound.
4:53 of 2nd period - Icing by Oliver Ekman-Larsson.
4:54 of 2nd period - Johan Larsson wins face-off versus Corey Perry in MINNESOTA zone.
5:04 of 2nd period - Shot by Lucas Wallmark.
5:04 of 2nd period - Shot Misses the Net.
6:37 of 2nd period - Rickard Rakell is hit by Torey Krug and loses puck.
6:52 of 2nd period - Shot by Kyle Connor.
6:52 of 2nd period - Deflect By Nikita Kucherov.
6:52 of 2nd period - Stopped by Jake Allen without a rebound.
6:53 of 2nd period - Kevin Hayes wins face-off versus John Tavares in SAN JOSE zone.
6:53 of 2nd period - Kevin Hayes is hit by Tanner Pearson.
7:28 of 2nd period - Shot by Dustin Brown.
7:28 of 2nd period - Shot Blocked by Zach Hyman.
7:30 of 2nd period - Shot by Kevin Hayes.
7:30 of 2nd period - Shot Misses the Net.
7:42 of 2nd period - Brandon Montour is hit by Tanner Pearson and loses puck.
8:09 of 2nd period - Shot by Tomas Hertl.
8:09 of 2nd period - Shot Misses the Net.
8:31 of 2nd period - Shot by Nikita Kucherov.
8:31 of 2nd period - Stopped by Jake Allen with a rebound.
8:34 of 2nd period - Kyle Connor is hit by Cody Ceci and loses puck.
8:47 of 2nd period - Shot by Mats Zuccarello.
8:47 of 2nd period - Shot Misses the Net.
9:00 of 2nd period - Off-side.
9:01 of 2nd period - William Carrier wins face-off versus Dustin Brown in neutral zone.
10:31 of 2nd period - Shot by Kyle Connor.
10:31 of 2nd period - Shot Blocked by Ryan Pulock.
10:43 of 2nd period - Shot by Kyle Connor.
10:43 of 2nd period - Stopped by Jake Allen without a rebound.
10:44 of 2nd period - John Tavares wins face-off versus Paul Stastny in SAN JOSE zone.
10:51 of 2nd period - Shot by Niklas Hjalmarsson.
10:51 of 2nd period - Shot Misses the Net.
10:53 of 2nd period - Shot by Zach Hyman.
10:53 of 2nd period - Shot Misses the Net.
10:55 of 2nd period - Shot by Niklas Hjalmarsson.
10:55 of 2nd period - Shot Misses the Net.
10:57 of 2nd period - Shot by Tanner Pearson.
10:57 of 2nd period - Shot Misses the Net.
11:02 of 2nd period - Icing by Jon Merrill.
11:03 of 2nd period - Tomas Hertl wins face-off versus Rickard Rakell in SAN JOSE zone.
11:14 of 2nd period - Icing by Jon Merrill.
11:15 of 2nd period - Paul Stastny wins face-off versus Zach Hyman in SAN JOSE zone.
11:26 of 2nd period - Shot by Mark Giordano.
11:26 of 2nd period - Shot Misses the Net.
11:29 of 2nd period - Icing by Jakob Silfverberg.
11:30 of 2nd period - Tomas Hertl wins face-off versus Paul Stastny in SAN JOSE zone.
11:31 of 2nd period - Shot by Nikita Kucherov.
11:31 of 2nd period - Stopped by Jake Allen without a rebound.
11:32 of 2nd period - Tomas Hertl wins face-off versus Ryan Dzingel in SAN JOSE zone.
11:50 of 2nd period - Shot by Kyle Connor.
11:50 of 2nd period - Deflect By Nikita Kucherov.
11:50 of 2nd period - Stopped by Jake Allen without a rebound.
11:51 of 2nd period - Paul Stastny wins face-off versus Zach Hyman in SAN JOSE zone.
12:01 of 2nd period - Paul Stastny is hit by Oliver Ekman-Larsson and loses puck.
12:13 of 2nd period - Minor Penalty to Niklas Hjalmarsson for High sticking.
12:14 of 2nd period - Johan Larsson wins face-off versus Kevin Hayes in MINNESOTA zone.
12:38 of 2nd period - Chris Kreider is hit by Brett Kulak and loses puck.
12:39 of 2nd period - Minor Penalty to Brett Kulak for Slashing.
12:40 of 2nd period - Johan Larsson wins face-off versus Paul Stastny in MINNESOTA zone.
13:44 of 2nd period - Icing by David Savard.
13:45 of 2nd period - Matt Calvert wins face-off versus Kevin Hayes in SAN JOSE zone.
14:07 of 2nd period - Shot by Kevin Hayes.
14:07 of 2nd period - Stopped by Andrei Vasilevskiy without a rebound.
14:08 of 2nd period - Tomas Hertl wins face-off versus Paul Stastny in MINNESOTA zone.
15:04 of 2nd period - Shot by Kyle Connor.
15:04 of 2nd period - Shot Misses the Net.
15:06 of 2nd period - Shot by Tomas Hertl.
15:06 of 2nd period - Shot Blocked by Jon Merrill.
15:39 of 2nd period - Zach Hyman is hit by Braydon Coburn and loses puck.
16:49 of 2nd period - Erik Karlsson is hit by Kevin Hayes and loses puck.
17:07 of 2nd period - Icing by Erik Karlsson.
17:08 of 2nd period - Colin White wins face-off versus Paul Stastny in MINNESOTA zone.
17:23 of 2nd period - Shot by Jakob Silfverberg.
17:23 of 2nd period - Shot Misses the Net.
17:25 of 2nd period - Shot by Cody Ceci.
17:25 of 2nd period - Stopped by Andrei Vasilevskiy without a rebound.
17:26 of 2nd period - John Tavares wins face-off versus Ryan Carpenter in MINNESOTA zone.
17:37 of 2nd period - Shot by Tanner Pearson.
17:37 of 2nd period - Stopped by Jake Allen with a rebound.
17:39 of 2nd period - Shot by Brett Kulak.
17:39 of 2nd period - Shot Blocked by Brandon Montour.
17:50 of 2nd period - Shot by Zach Hyman.
17:50 of 2nd period - Stopped by Jake Allen without a rebound.
17:51 of 2nd period - Tomas Hertl wins face-off versus Paul Stastny in SAN JOSE zone.
18:07 of 2nd period - Minor Penalty to Oliver Ekman-Larsson for Cross-checking.
18:08 of 2nd period - Kevin Hayes wins face-off versus Johan Larsson in MINNESOTA zone.
18:15 of 2nd period - Shot by Chris Kreider.
18:15 of 2nd period - Goal by Chris Kreider - MINNESOTA : 2 - SAN JOSE : 2.
18:16 of 2nd period - Tomas Hertl wins face-off versus Kevin Hayes in neutral zone.
18:19 of 2nd period - Shot by Tomas Hertl.
18:19 of 2nd period - Shot Misses the Net.
18:21 of 2nd period - Shot by Tomas Hertl.
18:21 of 2nd period - Deflect By Nikita Kucherov.
18:21 of 2nd period - Stopped by Jake Allen with a rebound.
18:23 of 2nd period - Shot by Tomas Hertl.
18:23 of 2nd period - Stopped by Jake Allen with a rebound.
18:47 of 2nd period - Shot by Kyle Connor.
18:47 of 2nd period - Shot Blocked by Brandon Montour.
19:00 of 2nd period - Off-side.
19:01 of 2nd period - Paul Stastny wins face-off versus John Tavares in neutral zone.
19:03 of 2nd period - David Savard is hit by Mark Giordano.
19:18 of 2nd period - Jakob Silfverberg is hit by Mark Giordano and loses puck.
Goals for this period are 0 for MINNESOTA vs 1 for SAN JOSE.
Shots for this period are 11 for MINNESOTA vs 4 for SAN JOSE.

3rd period


0:01 of 3rd period - Tomas Hertl wins face-off versus Kevin Hayes in neutral zone.
0:06 of 3rd period - Shot by Kyle Connor.
0:06 of 3rd period - Deflect By Nikita Kucherov.
0:06 of 3rd period - Stopped by Jake Allen without a rebound.
0:07 of 3rd period - Kevin Hayes wins face-off versus Nikita Kucherov in SAN JOSE zone.
0:07 of 3rd period - Kevin Hayes is hit by Nikita Kucherov.
0:37 of 3rd period - Shot by Nikita Kucherov.
0:37 of 3rd period - Shot Misses the Net.
0:47 of 3rd period - Shot by Kyle Connor.
0:47 of 3rd period - Deflect By Nikita Kucherov.
0:47 of 3rd period - Stopped by Jake Allen without a rebound.
0:48 of 3rd period - John Tavares wins face-off versus Paul Stastny in SAN JOSE zone.
0:48 of 3rd period - Niklas Hjalmarsson is hit by Cody Ceci and loses puck.
1:01 of 3rd period - Shot by Rickard Rakell.
1:01 of 3rd period - Shot Misses the Net.
1:03 of 3rd period - Shot by Cody Ceci.
1:03 of 3rd period - Shot Misses the Net.
1:05 of 3rd period - Shot by Cody Ceci.
1:05 of 3rd period - Stopped by Andrei Vasilevskiy without a rebound.
1:06 of 3rd period - Ryan Dzingel wins face-off versus Colin White in MINNESOTA zone.
1:07 of 3rd period - Shot by Brian Boyle.
1:07 of 3rd period - Deflect By Ryan Dzingel.
1:07 of 3rd period - Stopped by Andrei Vasilevskiy without a rebound.
1:08 of 3rd period - John Tavares wins face-off versus Paul Stastny in MINNESOTA zone.
1:08 of 3rd period - John Tavares is hit by Rickard Rakell.
1:25 of 3rd period - Off-side.
1:26 of 3rd period - Kevin Hayes wins face-off versus Tomas Hertl in neutral zone.
1:28 of 3rd period - Chris Kreider is hit by Kyle Connor.
1:37 of 3rd period - Icing by Mark Giordano.
1:38 of 3rd period - Paul Stastny wins face-off versus Tomas Hertl in MINNESOTA zone.
2:20 of 3rd period - Icing by Brandon Montour.
2:21 of 3rd period - John Tavares wins face-off versus Paul Stastny in SAN JOSE zone.
2:42 of 3rd period - Shot by Zach Hyman.
2:42 of 3rd period - Stopped by Jake Allen without a rebound.
2:43 of 3rd period - Colin White wins face-off versus Kevin Hayes in SAN JOSE zone.
3:02 of 3rd period - Icing by Ryan Pulock.
3:03 of 3rd period - John Tavares wins face-off versus Kevin Hayes in SAN JOSE zone.
3:03 of 3rd period - Zach Hyman is hit by David Savard and loses puck.
3:42 of 3rd period - Icing by David Savard.
3:43 of 3rd period - Tomas Hertl wins face-off versus Kevin Hayes in SAN JOSE zone.
3:43 of 3rd period - Tomas Hertl is hit by David Savard.
3:49 of 3rd period - Shot by Nikita Kucherov.
3:49 of 3rd period - Shot Misses the Net.
3:51 of 3rd period - Shot by Tomas Hertl.
3:51 of 3rd period - Stopped by Jake Allen with a rebound.
4:09 of 3rd period - Shot by Kyle Connor.
4:09 of 3rd period - Shot Misses the Net.
5:50 of 3rd period - Shot by Paul Stastny.
5:50 of 3rd period - Shot Misses the Net.
6:10 of 3rd period - Shot by Paul Stastny.
6:10 of 3rd period - Shot Misses the Net.
6:12 of 3rd period - Shot by Rickard Rakell.
6:12 of 3rd period - Stopped by Andrei Vasilevskiy with a rebound.
6:45 of 3rd period - Shot by Dominik Kahun.
6:45 of 3rd period - Shot Misses the Net.
6:55 of 3rd period - Shot by Torey Krug.
6:55 of 3rd period - Shot Misses the Net.
6:59 of 3rd period - Shot by Mats Zuccarello.
6:59 of 3rd period - Stopped by Jake Allen without a rebound.
7:00 of 3rd period - Jesper Fast wins face-off versus Johan Larsson in SAN JOSE zone.
7:05 of 3rd period - Torey Krug is hit by Brian Boyle.
7:09 of 3rd period - Jon Merrill is hit by William Carrier and loses puck.
7:25 of 3rd period - Off-side.
7:26 of 3rd period - Paul Stastny wins face-off versus Colin White in neutral zone.
8:37 of 3rd period - Shot by Nikita Kucherov.
8:37 of 3rd period - Goal by Nikita Kucherov - MINNESOTA : 3 - SAN JOSE : 2.
8:38 of 3rd period - Kevin Hayes wins face-off versus Johan Larsson in neutral zone.
8:43 of 3rd period - Shot by Dustin Brown.
8:43 of 3rd period - Deflect By Kevin Hayes.
8:43 of 3rd period - Stopped by Andrei Vasilevskiy without a rebound.
8:44 of 3rd period - Tomas Hertl wins face-off versus Kevin Hayes in MINNESOTA zone.
8:59 of 3rd period - Shot by Dustin Brown.
8:59 of 3rd period - Deflect By Kevin Hayes.
8:59 of 3rd period - Shot Blocked by Torey Krug.
9:15 of 3rd period - Jon Merrill is hit by Tomas Hertl.
10:49 of 3rd period - Shot by Paul Stastny.
10:49 of 3rd period - Goal by Paul Stastny - MINNESOTA : 3 - SAN JOSE : 3.
10:50 of 3rd period - Johan Larsson wins face-off versus Lucas Wallmark in neutral zone.
11:00 of 3rd period - Minor Penalty to Cody Ceci for Holding.
11:00 of 3rd period - Minor Penalty to William Carrier for Holding.
11:01 of 3rd period - John Tavares wins face-off versus Chris Kreider in SAN JOSE zone.
11:22 of 3rd period - Off-side.
11:23 of 3rd period - Chris Kreider wins face-off versus John Tavares in neutral zone.
11:31 of 3rd period - Shot by John Tavares.
11:31 of 3rd period - Shot Misses the Net.
11:33 of 3rd period - Shot by John Tavares.
11:33 of 3rd period - Stopped by Jake Allen without a rebound.
11:34 of 3rd period - John Tavares wins face-off versus Chris Kreider in SAN JOSE zone.
12:00 of 3rd period - Shot by Chris Kreider.
12:00 of 3rd period - Shot Misses the Net.
12:57 of 3rd period - Icing by Mark Giordano.
12:58 of 3rd period - Tomas Hertl wins face-off versus Chris Kreider in MINNESOTA zone.
13:08 of 3rd period - Icing by Mats Zuccarello.
13:09 of 3rd period - Lucas Wallmark wins face-off versus Colin White in MINNESOTA zone.
13:46 of 3rd period - Shot by Brandon Montour.
13:46 of 3rd period - Shot Blocked by Brett Kulak.
13:48 of 3rd period - Shot by Corey Perry.
13:48 of 3rd period - Deflect By Lucas Wallmark.
13:48 of 3rd period - Stopped by Andrei Vasilevskiy without a rebound.
13:49 of 3rd period - Johan Larsson wins face-off versus Kevin Hayes in MINNESOTA zone.
14:03 of 3rd period - Off-side.
14:04 of 3rd period - Paul Stastny wins face-off versus Tomas Hertl in neutral zone.
14:41 of 3rd period - Shot by Rickard Rakell.
14:41 of 3rd period - Shot Misses the Net.
14:43 of 3rd period - Shot by Braydon Coburn.
14:43 of 3rd period - Stopped by Andrei Vasilevskiy with a rebound.
15:03 of 3rd period - Shot by Tanner Pearson.
15:03 of 3rd period - Stopped by Jake Allen with a rebound.
15:22 of 3rd period - Shot by Kevin Hayes.
15:22 of 3rd period - Shot Misses the Net.
16:47 of 3rd period - Shot by Matt Calvert.
16:47 of 3rd period - Deflect By William Carrier.
16:47 of 3rd period - Shot Misses the Net.
16:49 of 3rd period - Shot by Niklas Hjalmarsson.
16:49 of 3rd period - Shot Blocked by Lucas Wallmark.
16:51 of 3rd period - Shot by Niklas Hjalmarsson.
16:51 of 3rd period - Stopped by Jake Allen without a rebound.
16:52 of 3rd period - Tomas Hertl wins face-off versus Paul Stastny in SAN JOSE zone.
16:53 of 3rd period - Shot by Kyle Connor.
16:53 of 3rd period - Stopped by Jake Allen without a rebound.
16:54 of 3rd period - Tomas Hertl wins face-off versus Paul Stastny in SAN JOSE zone.
16:59 of 3rd period - Shot by Nikita Kucherov.
16:59 of 3rd period - Shot Blocked by David Savard.
17:50 of 3rd period - Tomas Hertl is hit by Brandon Montour and loses puck.
18:01 of 3rd period - Icing by Mark Giordano.
18:02 of 3rd period - Tomas Hertl wins face-off versus Ryan Dzingel in MINNESOTA zone.
18:02 of 3rd period - Tomas Hertl is hit by Ryan Dzingel.
18:46 of 3rd period - Shot by John Tavares.
18:46 of 3rd period - Stopped by Jake Allen with a rebound.
18:48 of 3rd period - Shot by John Tavares.
18:48 of 3rd period - Deflect By Tanner Pearson.
18:48 of 3rd period - Shot Blocked by Braydon Coburn.
18:51 of 3rd period - Zach Hyman is hit by Jon Merrill and loses puck.
19:10 of 3rd period - Shot by Colin White.
19:10 of 3rd period - Shot Misses the Net.
19:12 of 3rd period - Shot by Mats Zuccarello.
19:12 of 3rd period - Shot Misses the Net.
19:18 of 3rd period - Shot by Mats Zuccarello.
19:18 of 3rd period - Shot Misses the Net.
19:20 of 3rd period - Shot by Mats Zuccarello.
19:20 of 3rd period - Stopped by Jake Allen without a rebound.
19:21 of 3rd period - Johan Larsson wins face-off versus Dustin Brown in SAN JOSE zone.
19:22 of 3rd period - Shot by Niklas Hjalmarsson.
19:22 of 3rd period - Goal by Niklas Hjalmarsson - MINNESOTA : 4 - SAN JOSE : 3.
19:23 of 3rd period - Kevin Hayes wins face-off versus Tomas Hertl in neutral zone.
19:30 of 3rd period - SAN JOSE, Jake Allen is pulled from the net.
19:30 of 3rd period - Shot by Chris Kreider.
19:30 of 3rd period - Stopped by Andrei Vasilevskiy without a rebound.
19:31 of 3rd period - Tomas Hertl wins face-off versus Kevin Hayes in MINNESOTA zone.
Goals for this period are 2 for MINNESOTA vs 1 for SAN JOSE.
Shots for this period are 13 for MINNESOTA vs 8 for SAN JOSE.